 Dungeon Crawl Stone Soup version 0.25-a0-566-g062765be81 (webtiles) character file.

Game seed: 2659992295699311744, levelgen mode: deterministic

311 vurker the Gusty (level 6, -4/26 HPs)
             Began as a Felid Air Elementalist on Feb 28, 2020.
             Was an Initiate of Vehumet.
             Slain by an ogre
             ... wielding a +0 giant club
              (16 damage)
             ... on level 4 of the Dungeon.
             The game lasted 00:06:54 (5110 turns).

vurker the Gusty (Felid Air Elementalist)           Turns: 5110, Time: 00:06:55

Health: -4/26      AC:  2    Str:  4    XL:     6   Next: 18%
Magic:  6/13       EV: 18    Int: 18    God:    Vehumet [......]
Gold:   153        SH:  0    Dex: 17    Spells: 3/13 levels left
                                        Lives:  0   Deaths: 1

rFire    . . .     SeeInvis +   (weapon unavailable)
rCold    . . .     Gourm    .   (shield unavailable)
rNeg     . . .     Faith    .   (armour unavailable)
rPois    .         Spirit   .   (helmet unavailable)
rElec    .         Reflect  .   (cloak unavailable)
rCorr    .         Harm     .   (gloves unavailable)
MR       .....                  (boots unavailable)
Stlth    +++.......             (no amulet)
HPRegen  0.08/turn              (no ring)
MPRegen  0.13/turn              (no ring)

@: very slightly contaminated, quick
A: very small, no armour, no weapons or thrown items, stealth, claws 1, fangs 3,
see invisible, carnivore, speed 1, shaggy fur 2, slow metabolism 1, sharp paws
a: Renounce Religion


You were on level 4 of the Dungeon.
You worshipped Vehumet.
Vehumet was noncommittal.
You were very full.

You visited 2 branches of the dungeon, and saw 5 of its levels.

You collected 153 gold pieces.

Inventory:

Scrolls
 a - 5 scrolls of teleportation {unknown}
 b - 4 scrolls of remove curse {unknown}
 d - a scroll of immolation {unknown}
 f - a scroll of amnesia {unknown}
 j - 4 scrolls of identify {unknown}
 n - a scroll of enchant weapon {unknown}
Potions
 c - 2 potions of haste {unknown}
 g - a potion of lignification {unknown}
 h - 2 potions of might {unknown}
 i - a potion of degeneration {unknown}
 k - a potion of ambrosia {unknown}
 l - a potion of heal wounds {unknown}
 m - 2 potions of brilliance {unknown}
 o - a potion of cancellation {unknown}
 p - 2 potions of curing {unknown}
 q - a potion of flight {unknown}
Comestibles
 e - 7 rations


   Skills:
 + Level 2.2 Fighting
 - Level 2.6 Dodging
 - Level 2.6 Stealth
 * Level 4.0 Spellcasting
 + Level 2.4 Conjurations
 * Level 4.3 Air Magic


You had 3 spell levels left.
You knew the following spells:

 Your Spells              Type           Power        Failure   Level  Hunger
a - Shock                 Conj/Air       ###.         3%          1    None
b - Lightning Bolt        Conj/Air       ###.......   71%         5    ######.
c - Airstrike             Air            ###.......   24%         4    ####...

Your spell library contained the following spells:

 Spells                   Type           Power        Failure   Level  Hunger
 Swiftness                Chrm/Air       ##......     9%          2    ##.....
 Static Discharge         Conj/Air       ###.....     11%         3    ###....


Dungeon Overview and Level Annotations

Branches:
Dungeon (4/15)             Temple (1/1) D:4

Altars:
Kikubaaqudgha
Nemelex Xobeh
Ru
Sif Muna
Uskayaw
Vehumet
The Shining One


Innate Abilities, Weirdness & Mutations

You cannot wear armour.
You are incapable of wielding weapons or throwing items.
Your paws allow you to move quietly. (Stealth)
You have sharp claws.
You have razor-sharp teeth.
You have supernaturally acute eyesight. (SInv)
You are carnivorous and can eat meat at any time.
You cover ground quickly.
You are covered in thick fur. (AC +2)
You have a slow metabolism.
Your sharp claws are effective at attacking unaware monsters.


Message History

Found a hide-covered altar of Uskayaw.
There is a radiant altar of Vehumet here.
You sit before the altar of Vehumet.
Vehumet welcomes you!
You enter the shallow water.
Moving in this stuff is going to be slow.
There is a staircase back to the Dungeon here.
You climb upwards.
Welcome back to the Dungeon!
The howler monkey hits you! The crimson imp hits you.
The howler monkey closely misses you.
There is a staircase to the Ecumenical Temple here.
Aim: a howler monkey You miscast Airstrike.
You are very lightly contaminated with residual magic.
You are blasted with air!
The crimson imp hits you.
The howler monkey hoots and howls with incredible vigour!
You hear an angry hiss.
You hear a shout!
You hear an angry hiss.
You hear a shout! x2; You hear an angry hiss.
You hear a shout!
Unknown command.
The crimson imp misses you.
The howler monkey hoots and howls with incredible vigour!
The crimson imp hits you.
A phantom comes into view.
You hear a shout!
Okay, then.
The howler monkey hoots and howls with incredible vigour!
The zap misses the crimson imp.
The zap hits the howler monkey.
The zap misses the howler monkey.
The crimson imp misses you.
Okay, then.
The crimson imp hits you.
* * * LOW HITPOINT WARNING * * *
The zap hits the crimson imp.
The zap hits the howler monkey. x2
The crimson imp closely misses you.
The zap hits the crimson imp.
The zap hits the howler monkey. x2
The crimson imp blinks!
The zap hits the howler monkey.
You kill the howler monkey!
Vehumet accepts your kill.
Your Spellcasting skill increases to level 4!
The zap misses the phantom.
An adder comes into view.
The crimson imp blinks!
You closely miss the crimson imp.
The phantom blinks!
The crimson imp barely misses you. The crimson imp misses you.
The crimson imp sputters.
The phantom blinks!
The ogre hits you with a +0 giant club!
Ouch! That really hurt!
You die...

........#######..##
##................#
#.####.########..# ...
#.## ##..# ##..# #..#
##..## ...# ##.# #...#
...# #.# ##.#.#
##..#### #.# #.O#.###
#P.P...# #.# #@#....#
##.##..####.####.#.<..#
#...#P....#^.##.5#....#
W.>....##.##...S###.###
#...#P..#.#####.# #.#
##.####S#...##..# #.##
.P.P..#.#.......###..#
##..#.#.ยง.#..........#
##.###..#######.#####


You could see an ogre, a crimson imp and an adder.

Vanquished Creatures
  A howler monkey (D:4)
  A hound (D:4)
  3 orc wizards
  An orc priest (D:2)
  A bullfrog skeleton (D:4)
  4 gnolls
  2 adders
  3 dart slugs
  2 worms
  4 leopard geckos
  5 orcs
  2 ball pythons
  7 bats
  4 giant cockroaches
  6 hobgoblins
  4 jackals (D:3)
  7 kobolds
  3 frilled lizards
  6 goblins
  9 rats
75 creatures vanquished.

Vanquished Creatures (others)
  A human (D:2)
  An orc (D:3)
2 creatures vanquished.

Grand Total: 77 creatures vanquished

Notes
Turn   | Place    | Note
-------+----------+-------------------------------------------
     0 | D:1      | vurker the Felid Air Elementalist began the quest for the
                  | Orb.
     0 | D:1      | Reached XP level 1. HP: 7/7 MP: 4/4
   101 | D:1      | Reached skill level 1 in Conjurations
   419 | D:1      | Reached XP level 2. HP: 12/12 MP: 1/6
  1329 | D:1      | Reached XP level 3. HP: 11/15 MP: 0/7
  1419 | D:1      | Reached skill level 1 in Fighting
  1884 | D:1      | Reached XP level 4. HP: 15/19 MP: 1/9
  1970 | D:1      | Killed from afar by an orc wizard
  1971 | D:1      | Reached XP level 3. HP: 0/15 MP: 5/8
  2045 | D:1      | Reached XP level 4. HP: 19/19 MP: 5/9
  2813 | D:2      | Found an ancient bone altar of Kikubaaqudgha.
  2816 | D:2      | Noticed a human
  2817 | D:2      | Killed a human
  2944 | D:2      | Found a faded altar of an unknown god.
  3548 | D:2      | Reached XP level 5. HP: 17/22 MP: 8/11
  4545 | D:3      | Learned a level 5 spell: Lightning Bolt
  4550 | D:3      | Learned a level 4 spell: Airstrike
  4607 | D:3      | Found a glowing golden altar of the Shining One.
  4620 | D:4      | Noticed an ogre
  4977 | D:4      | Gained mutation: You are covered in thick fur. (AC +2)
                  | [Felid growth]
  4977 | D:4      | Reached XP level 6. HP: 26/26 MP: 5/12
  5031 | D:4      | Found a staircase to the Ecumenical Temple.
  5044 | Temple   | Entered the Ecumenical Temple
  5074 | Temple   | Became a worshipper of Vehumet
  5110 | D:4      | Slain by an ogre

Levels and vault maps discovered:
D:1:      sevenhm_arrival_forest_fort_small_6, layout_basic, serial_glass,
          glass_columns_a, glass_columns_b, glass_columns_a, glass_columns_a,
          glass_columns_a, glass_columns_b, glass_columns_a, glass_columns_c,
          glass_columns_b, glass_columns_c, glass_columns_b, glass_columns_c,
          glass_columns_c, glass_columns_b, kennysheep_another_room,
          minmay_misc_feat_rows
D:2:      layout_loops_ring, chequers_ecumenical_altar_simple_redux,
          first_ration, tgw_kikubaaqudgha
D:3:      layout_basic, tso_oasis_becter
D:4:      layout_rooms, minmay_temple_entry_gardened_gates, serial_shops,
          nicolae_shop_behind_doors, nrook_uturn, uniq_natasha
Temple:   regret_index_temple_mists

Skill      XL: |  1  2  3  4  5  6 |
---------------+-------------------+-----
Conjurations   | 1 2 |  2.4
Air Magic      | 3 4 |  4.3
Fighting       | 1 2 |  2.2
Spellcasting   | 3 4 |  4.0
Dodging        | |  2.6
Stealth        | |  2.6

Action                   |  1- 3 |  4- 6 || total
-------------------------+-------+-------++-------
Melee: Unarmed           |    12 |     6 ||    18
       Bite              |     1 |       ||     1
 Cast: Shock             |    70 |   131 ||   201
       Airstrike         |       |     1 ||     1
  Eat: Chunk             |     9 |    10 ||    19
Armor: Skin              |     3 |     1 ||     4
Dodge: Dodged            |    32 |    49 ||    81

Table legend:
 A = Non-vault XP
 B = Vault XP
 C = Vault XP percentage of total XP
 D = Non-vault monster count
 E = Vault monster count
 F = Vault count percentage of total count
                 A         B        C        D         E       F
            +---------+---------+-------+---------+---------+-------
      Total |     516 |       0 |   0.0 |      75 |       0 |   0.0
            +---------+---------+-------+---------+---------+-------
        D:1 |     167 |       0 |   0.0 |      27 |       0 |   0.0
        D:2 |     122 |       0 |   0.0 |      27 |       0 |   0.0
        D:3 |      89 |       0 |   0.0 |      18 |       0 |   0.0
        D:4 |     138 |       0 |   0.0 |       3 |       0 |   0.0
            +---------+---------+-------+---------+---------+-------
